 Dungeon Crawl Stone Soup version 0.28.0-45-g0d030f2227 (webtiles) character file.

Game seed: 12093383432507068128

1180 nickcage the Basher (level 8, -9/60 (62) HPs)
             Began as a Minotaur Gladiator on Apr 14, 2022.
             Mangled by a wight
             ... wielding a +4 flail
              (10 damage)
             ... on level 8 of the Dungeon.
             The game lasted 00:16:24 (6479 turns).

nickcage the Basher (Minotaur Gladiator)            Turns: 6479, Time: 00:16:25

HP:   -9/60 (62)    AC:  9    Str: 22    XL:     8   Next: 19%
MP:   7/7           EV:  8    Int:  5    God:
Gold: 144           SH:  0    Dex: 11    Spells: 7/7 levels left

rFire   . . .      SeeInvis .   q - +0 morningstar (freeze)
rCold   . . .      Faith    .   (no shield)
rNeg    . . .      Spirit   .   u - +0 chain mail
rPois   .          Reflect  .   c - +1 hat
rElec   .          Harm     .   n - scarf {repulsion}
rCorr   .          Rampage  .   (no gloves)
Will    .....                   (no boots)
Stlth   ..........              (no amulet)
HPRegen 0.20/turn               (no ring)
MPRegen 0.10/turn               (no ring)

@: lightly drained, repel missiles
A: horns 2, retaliatory headbutt
a: no special abilities


You were on level 8 of the Dungeon.
You visited 1 branch of the dungeon, and saw 6 of its levels.
You also visited: Sewer.

You collected 144 gold pieces.

Inventory:

Hand Weapons
 a - a +1 flail
 q - a +0 morningstar of freezing (weapon)
Missiles
 d - 4 throwing nets
 v - 5 poisoned darts (quivered)
Armour
 b - a +0 leather armour
 c - a +1 hat (worn)
 i - a +0 scale mail
 n - a scarf of repulsion (worn)
 u - a +0 chain mail (worn)
Wands
 j - a wand of iceblast (12)
 l - a wand of polymorph (4)
Scrolls
 x - a scroll of holy word {unknown}
Potions
 e - 2 potions of lignification
 f - a potion of flight {unknown}
 g - a potion of ambrosia {unknown}
 h - a potion of might
 k - a potion of magic {unknown}
 m - a potion of berserk rage {unknown}
 o - a potion of attraction {unknown}
 p - a potion of cancellation {unknown}
 s - a potion of heal wounds {unknown}
 t - a potion of haste {unknown}


   Skills:
 - Level 2.4 Fighting
 + Level 12.1 Maces & Flails
 - Level 2.0 Throwing
 - Level 3.2 Dodging


You had 7 spell levels left.
You didn't know any spells.
Your spell library contained the following spells:

 Spells                   Type           Power      Damage    Failure   Level
 Portal Projectile        Hex/Tloc       0%         N/A       100%        3
 Blade Hands              Tmut           0%         N/A       100%        5
 Excruciating Wounds      Necr           0%         N/A       100%        5


Dungeon Overview and Level Annotations

Branches:
Dungeon (5/15)              Sewer (visited)
 Temple: D:4-7

Altars:
Ru

Shops:
D:4 *   D:5 =

Annotations:
D:8 Pikel


Innate Abilities, Weirdness & Mutations

You have a pair of horns on your head.
You reflexively headbutt those who attack you in melee.


Message History

Found a scroll of teleportation, a brown potion and 5 poisoned darts.
You closely miss the wight. The wight closely misses you.
You furiously retaliate!
You headbutt the wight! You puncture the wight!
You destroy the wight!
The wight hits you with a +4 flail!
You feel drained.
Your life force feels restored.
Your Maces & Flails skill increases to level 12!
You closely miss the wight. The wight barely misses you.
The wight hits you with a +4 flail.
You feel drained.
You closely miss the wight. Your headbutt misses the wight.
The wight hits you from afar with a +2 spear!
The wight hits you but does no damage.
You completely miss the wight.
You headbutt the wight, but do no damage.
The wight hits you but does no damage. The wight hits you with a +1 battleaxe!
You feel drained. The wight hits you with a +4 flail.
* * * LOW HITPOINT WARNING * * *
You puncture the wight!
The wight is almost destroyed.
The wight hits you but does no damage. The wight barely misses you.
You furiously retaliate!
You headbutt the wight, but do no damage.
You hit the wight.
You destroy the wight!
The wight hits you with a +4 flail.
* * * LOW HITPOINT WARNING * * *
The wight hits you from afar with a +2 spear.
* * * LOW HITPOINT WARNING * * *
You feel drained.
* * * LOW HITPOINT WARNING * * *
The wight hits you with a +4 flail!
* * * LOW HITPOINT WARNING * * *
The wight hits you with a +2 spear.
* * * LOW HITPOINT WARNING * * *
Items here: )) [[.
You puncture the wight!
The wight is moderately damaged.
The wight hits you with a +4 flail!
You die...

(..........#
...........#
...........####
...............
..!............
......?z.......
.z?zz..........
#########........
#..@z.........###
#..z..........#
#.............#
#########.....#
#.....# #######


You could see 2 wights.

Vanquished Creatures
  A steam dragon (D:5)
  A water moccasin (D:5)
  Pargi (Sewer)
  The ghost of dianekeaton the Chopper, an amateur HOFi (D:3)
  An ogre (D:5)
  A scorpion (D:5)
  2 wights (D:8)
  A bullfrog skeleton (D:5)
  2 hounds
  A jelly (D:5)
  An orc priest (D:3)
  Jessica (D:2)
  A scorpion zombie (D:3)
  Terence (D:2)
  2 iguanas
  An orc wizard (D:4)
  7 gnolls
  7 adders
  A river rat (D:3)
  2 worms (D:3)
  12 orcs
  6 endoplasms
  7 giant cockroaches
  4 goblins
  5 hobgoblins
  15 jackals
  8 kobolds
  2 quokkas
  5 ball pythons
  8 bats
  4 frilled lizards
  8 rats
120 creatures vanquished.

Vanquished Creatures (others)
  A plant (D:4)
1 creature vanquished.

Grand Total: 121 creatures vanquished

Notes
Turn   | Place    | Note
-------+----------+-------------------------------------------
     0 | D:1      | nickcage the Minotaur Gladiator began the quest for the
                  | Orb.
     0 | D:1      | Reached XP level 1. HP: 18/18 MP: 0/0
   221 | D:1      | Reached skill level 4 in Maces & Flails
   283 | D:1      | Reached XP level 2. HP: 22/25 MP: 1/1
   523 | D:1      | Reached skill level 5 in Maces & Flails
  1002 | D:2      | Reached XP level 3. HP: 25/30 MP: 2/2
  1526 | D:2      | Noticed an ogre
  1728 | D:2      | Noticed Jessica
  1735 | D:2      | Killed Jessica
  1736 | D:2      | Reached skill level 6 in Maces & Flails
  1736 | D:2      | Reached XP level 4. HP: 22/37 MP: 3/3
  2629 | D:2      | Noticed Terence
  2634 | D:2      | Killed Terence
  2887 | D:3      | Reached skill level 7 in Maces & Flails
  2887 | D:3      | Reached XP level 5. HP: 23/42 MP: 4/4
  3114 | D:3      | Found a glowing drain.
  3124 | Sewer    | Entered a sewer
  3370 | Sewer    | Reached skill level 8 in Maces & Flails
  3392 | Sewer    | Noticed Pargi
  3399 | Sewer    | Killed Pargi
  3400 | Sewer    | Reached XP level 6. HP: 38/50 MP: 5/5
  3676 | D:3      | Reached skill level 9 in Maces & Flails
  3743 | D:3      | Found a runed translucent door.
  3747 | D:3      | Noticed dianekeaton's ghost (amateur HOFi)
  3755 | D:3      | Found a faded altar of an unknown god.
  4206 | D:3      | Killed dianekeaton's ghost
  4495 | D:4      | Found Lapaygom's Assorted Antiques.
  4522 | D:4      | Reached XP level 7. HP: 41/56 MP: 6/6
  4996 | D:4      | Found a sacrificial altar of Ru.
  5117 | D:4      | Reached skill level 10 in Maces & Flails
  5606 | D:5      | Entered Level 5 of the Dungeon
  5737 | D:5      | Found Nufyghoy's Jewellery Emporium.
  5905 | D:5      | Noticed a steam dragon
  5913 | D:5      | Reached skill level 11 in Maces & Flails
  5918 | D:5      | Killed a steam dragon
  6145 | D:5      | Reached XP level 8. HP: 41/62 MP: 7/7
  6314 | D:5      | You fall into a shaft and drop 3 floors!
  6319 | D:8      | Noticed Pikel
  6473 | D:8      | Reached skill level 12 in Maces & Flails
  6478 | D:8      | HP: 2/60 [wight/+4 flail (8)]
  6479 | D:8      | Mangled by a wight

Illustrated notes

Levels and vault maps discovered:
D:1:      roderic_crop_circles_arrival_large, layout_basic
D:2:      layout_basic, uniq_jessica, uniq_terence
D:3:      layout_basic, chequers_ecumenical_altar_twisty,
          gup_sewer_entry_bubbles, ebering_ghost_reflecting_pool
D:4:      layout_cave_pools, nicolae_ru_the_path_less_chosen, serial_shops,
          shop_fountains
D:5:      layout_basic, serial_shops, nicolae_shop_waterfront,
          nicolae_shop_hallway_plus
D:8:      layout_basic, uniq_pikel

Skill      XL: |  1  2  3  4  5  6  7  8 |
---------------+-------------------------+-----
Maces & Flails | 4 5 6 7 8 9 11 12 | 12.1
Fighting       | |  2.4
Throwing       | |  2.0
Dodging        | |  3.2

Action                   |  1- 3 |  4- 6 |  7- 9 || total
-------------------------+-------+-------+-------++-------
Melee: Flail             |    72 |   134 |       ||   206
       Headbutt          |     3 |    20 |    10 ||    33
       Punch             |       |     2 |     1 ||     3
       Morningstar       |       |    11 |    93 ||   104
Throw: Throwing net      |       |     1 |       ||     1
       Dart              |       |       |     3 ||     3
  Use: Scroll            |       |     9 |     2 ||    11
Armor: Leather armour    |    18 |     4 |       ||    22
       Scale mail        |       |    59 |    25 ||    84
       Chain mail        |       |       |    18 ||    18
Dodge: Dodged            |    62 |    83 |    45 ||   190
       Repelled          |       |       |     1 ||     1
